 Dungeon Sprint DCSS version 0.20-a0-556-g892c87b (webtiles) character file.

2246 Kidiri the Thaumaturge (level 9, -3/52 HPs)
             Began as a Deep Elf Fire Elementalist on Feb 4, 2017.
             Was the Champion of Vehumet.
             Killed from afar by a white draconian (31 damage)
             ... with a chilling blast
             ... in the Dungeon (Sprint V: "Ziggurat Sprint").
             The game lasted 00:07:51 (777 turns).

Kidiri the Thaumaturge (Deep Elf Fire Elementalist)  Turns: 777, Time: 00:07:51

Health: -3/52      AC:  3    Str:  5    XL:     9   Next: 15%
Magic:  10/29      EV: 16    Int: 36    God:    Vehumet [******]
Gold:   0          SH:  0    Dex: 15    Spells: 4/36 levels left

rFire    . . .     SeeInvis .   (no weapon)
rCold    . . .     Gourm    .   M - +1 robe {MR+}
rNeg     . . .     Faith    .   (no shield)
rPois    .         Spirit   .   (no helmet)
rElec    .         Reflect  .   (no cloak)
rCorr    .         Harm     .   (no gloves)
MR       +....     NoTele   +   (no boots)
Stlth    ++........             (no amulet)
Regen    0.2/turn               q - +6 ring of intelligence
                                p - +6 ring of intelligence

@: studying Transmutations
A: no striking features
a: Renounce Religion


You were in the Dungeon.
You worshipped Vehumet.
Vehumet was exalted by your worship.
You were not hungry.

You visited 1 branch

Inventory:

Hand Weapons
 I - the +6 Majin-Bo {vamp, Archmagi MP+6 Int+6}
   (You found it in the Dungeon)

   It inflicts no extra harm, but heals its wielder when it wounds a living foe.
   It affects your intelligence (+6).
   It affects your magic capacity (+6).
Armour
 M - a +1 robe of magic resistance (worn)
Jewellery
 n - a +6 ring of dexterity
 o - a +6 ring of dexterity
 p - a +6 ring of intelligence (left hand)
 q - a +6 ring of intelligence (right hand)
 r - a +6 ring of strength
 s - a +6 ring of strength
 J - an uncursed ring of positive energy
 N - the ring of Cheibriados's Esteem {Str+2 SInv}
   (You found it in the Dungeon)

   [ring of see invisible]

   It affects your strength (+2).
   It lets you see invisible.
 O - an uncursed ring of protection from magic
Wands
 j - a wand of disintegration (5/24)
 k - a wand of iceblast (2/15)
 l - a wand of lightning (4/15)
 m - a wand of acid (5/15)
Scrolls
 i - 3 scrolls of blinking
 v - 4 scrolls of amnesia
 w - 3 scrolls of recharging
 x - 7 scrolls of fog
 y - a scroll of holy word
 z - 5 scrolls of identify
 A - 5 scrolls of remove curse
 B - 2 scrolls of fear
 K - 4 scrolls of enchant weapon
Potions
 d - 10 potions of curing
 e - 8 potions of heal wounds
 f - 6 potions of haste
 g - 7 potions of magic
 h - 3 potions of berserk rage
 C - 2 potions of brilliance
 D - 2 potions of invisibility
 E - 4 potions of resistance
 G - 5 potions of agility
 H - 5 potions of might
Books
 b - a book of Flames

   Spells                             Type                      Level
   a - Flame Tongue                   Conjuration/Fire             1
   b - Throw Flame                    Conjuration/Fire             2
   c - Conjure Flame                  Conjuration/Fire             3
   d - Inner Flame                    Hexes/Fire                   3
   e - Sticky Flame                   Conjuration/Fire             4
   f - Fireball                       Conjuration/Fire             5
 F - a manual of Transmutations
 L - a book of Clouds

   Spells                             Type                      Level
   a - Poisonous Vapours              Poison/Air                   2
   b - Mephitic Cloud                 Conjuration/Poison/Air       3
   c - Conjure Flame                  Conjuration/Fire             3
   d - Freezing Cloud                 Conjuration/Ice/Air          6
   e - Ring of Flames                 Charms/Fire                  7
Comestibles
 a - 11 chunks of flesh
 c - 5 bread rations
 t - 42 fruits
 u - 4 meat rations


   Skills:
 + Level 4.0 Fighting
 + Level 4.9 Staves
 + Level 4.0 Armour
 + Level 6.5 Dodging
 - Level 2.4 Stealth
 * Level 14.0 Spellcasting
 + Level 8.6 Conjurations
 + Level 9.3 Fire Magic
 + Level 3.3 Air Magic
 + Level 5.6 Earth Magic
 + Level 5.5 Poison Magic
 + Level 5.6 Evocations


You had 4 spell levels left.
You knew the following spells:

 Your Spells              Type           Power        Failure   Level  Hunger
a - Flame Tongue          Conj/Fire      #####        1%          1    None
b - Throw Flame           Conj/Fire      ######       1%          2    None
c - Conjure Flame         Conj/Fire      ######..     1%          3    None
d - Inner Flame           Hex/Fire       ######..     1%          3    None
e - Ignite Poison         Fire/Tmut/Pois ######..     1%          3    None
f - Sticky Flame          Conj/Fire      ######..     1%          4    None
g - Fireball              Conj/Fire      ######....   1%          5    None
h - Bolt of Magma         Conj/Fire/Erth ######....   1%          5    None
i - Mephitic Cloud        Conj/Pois/Air  ######..     1%          3    None
j - Stone Arrow           Conj/Erth      ######       1%          3    None


Dungeon Overview and Level Annotations

Branches:
Dungeon (1/1)

Altars:
Ashenzari
Cheibriados
Dithmenos
Elyvilon
Fedhas
Gozag
Hepliaklqana
Kikubaaqudgha
Makhleb
Nemelex Xobeh
Okawaru
Qazlal
Ru
Sif Muna
Trog
Uskayaw
Vehumet
Xom
Yredelemnul
Zin
The Shining One
Beogh
Jiyva
Lugonu


Message History

Casting: Fireball
Confirm with . or Enter, or press ? or * to list all spells.
Aiming: Fireball
Press: ? - help, Shift-Dir - straight line, p - purple draconian The fireball explodes!
The fireball engulfs the draconian.
The draconian is lightly wounded.
The fireball engulfs the yellow draconian.
The yellow draconian is almost dead.
The fireball engulfs the purple draconian.
The purple draconian is severely wounded.
The fireball engulfs the draconian.
The draconian is almost dead.
The fireball engulfs the white draconian.
The white draconian is severely wounded.
The purple draconian breathes dispelling energy at you.
The bolt of dispelling energy hits you!
The white draconian breathes frost at you.
The chilling blast hits you!
Ouch! That really hurt!
You die...

▓..8©8..▓
▓..))}....▓..==}..▓
▓...dd)...▓..}|[..▓
▓..dddd...▓.......▓
▓.....dd..▓.......▓
▓.........▓...%...▓
▓.........▓.......▓
▓.▓.....▓.▓.......▓
▓....@....▓.......▓
▓▓▓▓▓▓▓▓▓▓▓▓▓▓▓▓▓▓▓


You could see a yellow draconian, a purple draconian, a white draconian and 5
draconians.

Vanquished Creatures
  2 spiny frogs (D)
  A komodo dragon (D)
  A basilisk (D)
  A yak (D)
  A water moccasin (D)
  A floating eye (D)
  2 hell hounds (D)
  A necrophage (D)
  3 phantoms (D)
  A wolf (D)
  A crocodile (D)
  A bullfrog (D)
  A wight (D)
  A crimson imp (D)
  An orc priest (D)
  An iron imp (D)
  A jelly (D)
  2 shadow imps (D)
  2 white imps (D)
  An ufetubus (D)
  An ooze (D)
  2 adder zombies (D)
  An orc (D)
  A bat skeleton (D)
  2 bat zombies (D)
  4 jackals (D)
37 creatures vanquished.

Notes
Turn   | Place    | Note
-------+----------+-------------------------------------------
     0 | D        | Kidiri the Deep Elf Fire Elementalist began the quest for the Orb.
     0 | D        | Reached XP level 1. HP: 10/10 MP: 6/6
     0 | D        | Found a deep blue altar of Sif Muna.
     0 | D        | Found a bloodstained altar of Trog.
     0 | D        | Found a sacrificial altar of Ru.
     0 | D        | Found a stormy altar of Qazlal.
     0 | D        | Found an iron altar of Okawaru.
     3 | D        | Found a sparkling altar of Nemelex Xobeh.
     5 | D        | Found a corrupted altar of Lugonu.
     5 | D        | Found an ancient bone altar of Kikubaaqudgha.
     5 | D        | Found a burning altar of Makhleb.
     5 | D        | Found a viscous altar of Jiyva.
     5 | D        | Found a hazy altar of Hepliaklqana.
     9 | D        | Found an opulent altar of Gozag.
    10 | D        | Found a blossoming altar of Fedhas.
    49 | D        | Became a worshipper of Vehumet
    50 | D        | Reached skill level 7 in Spellcasting
    50 | D        | Reached skill level 5 in Fire Magic
    50 | D        | Reached XP level 2. HP: 15/15 MP: 6/12
    54 | D        | Learned a level 2 spell: Throw Flame
   113 | D        | Entered arena 1.
   116 | D        | Reached skill level 8 in Spellcasting
   116 | D        | Reached XP level 3. HP: 19/19 MP: 9/14
   127 | D        | Learned a level 3 spell: Conjure Flame
   131 | D        | Learned a level 3 spell: Inner Flame
   164 | D        | Entered arena 2.
   164 | D        | Noticed a floating eye
   166 | D        | Killed a floating eye
   166 | D        | Reached * piety under Vehumet
   166 | D        | Offered knowledge of Magic Dart by Vehumet.
   166 | D        | Reached skill level 10 in Spellcasting
   166 | D        | Reached XP level 4. HP: 24/24 MP: 13/18
   166 | D        | Reached XP level 5. HP: 28/28 MP: 14/20
   168 | D        | Reached skill level 11 in Spellcasting
   178 | D        | Identified the Grimoire of Bewitching Heat (You found it in the Dungeon)
   184 | D        | Learned a level 4 spell: Sticky Flame
   190 | D        | Learned a level 5 spell: Fireball
   191 | D        | Identified the Grimoire of Bewitching Heat (You found it in the Dungeon)
   195 | D        | Learned a level 3 spell: Ignite Poison
   195 | D        | Identified the Grimoire of Bewitching Heat (You found it in the Dungeon)
   201 | D        | Learned a level 5 spell: Bolt of Magma
   220 | D        | Identified the Grimoire of Bewitching Heat (You found it in the Dungeon)
   222 | D        | Identified the Grimoire of Bewitching Heat (You found it in the Dungeon)
   223 | D        | Entered arena 3.
   224 | D        | Reached ** piety under Vehumet
   226 | D        | Reached *** piety under Vehumet
   226 | D        | Reached skill level 1 in Poison Magic
   226 | D        | Reached skill level 1 in Evocations
   272 | D        | Entered arena 4.
   272 | D        | Noticed a phantom
   274 | D        | Reached skill level 1 in Fighting
   274 | D        | Reached skill level 1 in Staves
   274 | D        | Reached skill level 1 in Armour
   274 | D        | Reached skill level 1 in Earth Magic
   274 | D        | Reached XP level 6. HP: 34/34 MP: 10/22
   280 | D        | Reached **** piety under Vehumet
   351 | D        | Entered arena 5.
   352 | D        | Offered knowledge of Sting by Vehumet.
   353 | D        | Reached skill level 12 in Spellcasting
   353 | D        | Reached XP level 7. HP: 40/40 MP: 14/24
   355 | D        | Reached ***** piety under Vehumet
   366 | D        | Got the cursed ring "Ymiuk" {-Tele AC-3 Int+3 Dex+4}
   394 | D        | Entered arena 6.
   402 | D        | Reached skill level 5 in Dodging
   583 | D        | Learned a level 3 spell: Mephitic Cloud
   589 | D        | Entered arena 7.
   589 | D        | Noticed a basilisk
   589 | D        | Noticed a spiny frog
   589 | D        | Noticed a spiny frog
   592 | D        | Offered knowledge of Stone Arrow by Vehumet.
   592 | D        | Killed a basilisk
   592 | D        | Reached skill level 13 in Spellcasting
   592 | D        | Reached skill level 1 in Air Magic
   592 | D        | Reached XP level 8. HP: 45/46 MP: 18/27
   592 | D        | Killed a spiny frog
   597 | D        | Killed a spiny frog
   597 | D        | Reached ****** piety under Vehumet
   597 | D        | Reached skill level 5 in Earth Magic
   597 | D        | Reached skill level 5 in Poison Magic
   597 | D        | Reached skill level 5 in Evocations
   722 | D        | Learned a level 3 spell: Stone Arrow
   723 | D        | Entered arena 8.
   723 | D        | Noticed a komodo dragon
   724 | D        | Offered knowledge of Force Lance by Vehumet.
   726 | D        | Killed a komodo dragon
   726 | D        | Reached XP level 9. HP: 50/52 MP: 22/28
   726 | D        | Reached skill level 14 in Spellcasting
   753 | D        | Got the ring of Cheibriados's Esteem {Str+2 SInv}
   773 | D        | Entered arena 9.
   773 | D        | Noticed a yellow draconian
   773 | D        | Noticed a purple draconian
   773 | D        | Noticed a white draconian
   773 | D        | Noticed a draconian
   773 | D        | Noticed a draconian
   773 | D        | Noticed a draconian
   773 | D        | Noticed a draconian
   773 | D        | Noticed a draconian
   777 | D        | Killed from afar by a white draconian

Vault maps used:
D:        sprint_v

Skill      XL: |  1  2  3  4  5  6  7  8  9 |
---------------+----------------------------+-----
Spellcasting   | 7 8 10 11 12 13 14 | 14.0
Conjurations   | 4 6 7 8 |  8.6
Fire Magic     | 5 7 8 9 |  9.3
Poison Magic   | 1 3 4 5 |  5.5
Evocations     | 1 3 4 5 |  5.6
Fighting       | 1 2 3 4 |  4.0
Staves         | 1 2 3 4 |  4.9
Armour         | 1 2 3 4 |  4.0
Dodging        | 3 4 5 6 |  6.5
Earth Magic    | 1 2 4 5 |  5.6
Air Magic      | 1 3 |  3.3
Stealth        | |  2.4

Action                   |  1- 3 |  4- 6 |  7- 9 || total
-------------------------+-------+-------+-------++-------
Melee: Unarmed           |       |       |    25 ||    25
 Cast: Flame Tongue      |     5 |    11 |     3 ||    19
       Fireball          |       |     5 |    10 ||    15
       Sticky Flame      |       |       |     2 ||     2
       Bolt of Magma     |       |       |     1 ||     1
Evoke: Wand              |       |     1 |     5 ||     6
  Use: Potion            |     1 |       |     2 ||     3
       Scroll            |       |       |     1 ||     1
Armor: Robe              |       |     2 |    11 ||    13
Dodge: Dodged            |     1 |     3 |    42 ||    46
